 Dungeon Crawl Stone Soup version 0.29-a0-994-gc5c9f59d18 (webtiles) character file.

Game seed: 3669426408556178418

20 vurker the Sneak (level 2, -1/14 HPs)
             Began as a Vine Stalker Enchanter on Aug 3, 2022.
             Slain by Terence
             ... wielding a +0 flail
              (5 damage)
             ... on level 2 of the Dungeon.
             The game lasted 00:01:00 (1203 turns).

vurker the Sneak (Vine Stalker Enchanter)           Turns: 1203, Time: 00:01:00

Health: -1/14      AC:  2    Str: 10    XL:     2   Next: 79%
Magic:  0/6        EV: 12    Int: 15    God:
Gold:   42         SH:  0    Dex: 14    Spells: 5/5 levels left

rFire   . . .      SeeInvis .   a - +1 dagger
rCold   . . .      Faith    .   (no shield)
rNeg    . . .      Spirit   +   b - +0 robe
rPois   .          Reflect  .   (no helmet)
rElec   .          Harm     .   (no cloak)
rCorr   .          Rampage  .   (no gloves)
Will    .....                   (no boots)
Stlth   ++........              (no amulet)
HPRegen 0.04/turn               (no ring)
MPRegen 0.10/turn               (no ring)

@: no status effects
A: fangs 2, magic shield, antimagic bite, no potion heal 2
a: no special abilities


You were on level 2 of the Dungeon.
You visited 1 branch of the dungeon, and saw 2 of its levels.

You collected 42 gold pieces.

Inventory:

Hand Weapons
 a - a +1 dagger (weapon)
Armour
 b - a +0 robe (worn)
Scrolls
 d - a scroll of silence {unknown}
 f - a scroll of enchant weapon {unknown}
 h - a scroll of immolation {unknown}
 j - a scroll of amnesia {unknown}
 k - a scroll of summoning {unknown}
Potions
 c - 2 potions of invisibility
 e - 2 potions of degeneration {unknown}
 g - a potion of heal wounds {unknown}
 i - a potion of haste {unknown}


   Skills:
 + Level 1.0 Fighting
 * Level 2.0 Short Blades
 - Level 1.5 Dodging
 - Level 3.6 Stealth
 - Level 2.1 Spellcasting
 - Level 3.0 Hexes


You had 5 spell levels left.
You didn't know any spells.
Your spell library contained the following spells:

 Spells                   Type           Power      Damage    Failure   Level
 Ensorcelled Hibernation  Hex/Ice        12%        N/A       19%         2
 Confusing Touch          Hex            10%        N/A       19%         3
 Tukima's Dance           Hex            10%        N/A       19%         3
 Dazzling Flash           Conj/Hex       12%        N/A       34%         3


Dungeon Overview and Level Annotations

Branches:
Dungeon (2/15)

Altars:

Annotations:
D:2 Terence


Innate Abilities, Weirdness & Mutations

You have extremely sharp teeth.
When hurt, damage is shared between your health and your magic reserves.
Your bite disrupts and absorbs the magic of your enemies.
Potions cannot restore your health.


Message History

You open the door.
Found an escape hatch in the floor.
There is an open door here.
There is an open door here.
You open the door.
There is an open door here.
Found a stone staircase leading down.
There is a stone staircase leading down here.
Found a scroll labelled MOOTAKHIBB.
j - a scroll labelled MOOTAKHIBB Partly explored, can't reach some places.
Partly explored, can't reach some places.
Partly explored, can't reach some places.
Partly explored, can't reach some places.
Search for what [? for help]? ego
There is a stone staircase leading down here.
You climb downwards.
Found 7 stones and a scroll labelled NIAPRA TIOVEUS.
There is a stone staircase leading up here.
k - a scroll labelled NIAPRA TIOVEUS You open the door.
Found 3 stones.
There is an open door here.
You see here 3 stones.
Found a scroll labelled SURAHI BAJI.
Found a scroll labelled MOOTAKHIBB.
Terence the Incautious comes into view.
He is wielding a +0 flail.
Terence shouts!
Found a glowing grey potion.
Terence looks scornfully at you.
You aren't carrying any items that you can evoke.
You closely miss Terence. You bite Terence, but do no damage.
You hit Terence but do no damage. You bite Terence, but do no damage.
Terence bares his teeth.
Terence hits you with a +0 flail.
You hit Terence but do no damage. Terence hits you with a +0 flail!
* * * LOW HITPOINT WARNING * * *
You hit Terence but do no damage. Your bite misses Terence.
Terence closely misses you.
You closely miss Terence. You bite Terence, but do no damage.
Terence hits you with a +0 flail.
* * * LOW HITPOINT WARNING * * *
You hit Terence. You bite Terence, but do no damage.
Terence closely misses you.
You hit Terence but do no damage.
Terence bares his teeth.
Terence misses you.
You hit Terence but do no damage. Your bite misses Terence. Terence misses you.
You hit Terence. Your bite misses Terence. Terence hits you with a +0 flail!
You die...

#.....#
#..(..#
####.....#
#.('.....+
#.##.....#
#.#<######
#.#+#######
#.........#
#...@@....#
#..?......#
.............#
.###.......###
+.......#
#.?.....#
#.......#
#.!.....#


You could see Terence.

Vanquished Creatures
  A bat (D:1)
  An endoplasm (D:1)
  A giant cockroach (D:1)
  2 goblins (D:1)
  3 hobgoblins (D:1)
  3 jackals (D:1)
  4 kobolds (D:1)
  A rat (D:1)
16 creatures vanquished.

Notes
Turn   | Place    | Note
-------+----------+-------------------------------------------
     0 | D:1      | vurker the Vine Stalker Enchanter began the quest for the
                  | Orb.
     0 | D:1      | Reached XP level 1. HP: 9/9 MP: 4/4
    36 | D:1      | Reached skill level 1 in Short Blades
    62 | D:1      | Reached XP level 2. HP: 14/14 MP: 6/6
   798 | D:1      | Reached skill level 1 in Fighting
   833 | D:1      | Found a faded altar of an unknown god.
  1190 | D:2      | Noticed Terence
  1203 | D:2      | Slain by Terence

Illustrated notes

Levels and vault maps discovered:
D:1:      heliophobic_arrival_glass_houses, layout_loops_ring,
          basic_ecumenical_altar, chequers_avenue
D:2:      layout_basic, basic_altar, uniq_terence

Skill      XL: |  1  2 |
---------------+-------+-----
Short Blades   | 1 2 |  2.0
Fighting       | 1 |  1.0
Dodging        | |  1.5
Stealth        | |  3.6
Spellcasting   | |  2.1
Hexes          | |  3.0

Action                   || total
-------------------------++-------
Melee: Dagger            ||    66
       Bite              ||    14
 Stab: Sleeping          ||     7
Armor: Robe              ||    10
Dodge: Dodged            ||    36

Table legend: (Time is in decaauts)
 A = Elapsed time spent in this place.
 B = Non-inter-level travel time spent in this place.
 C = Inter-level travel time spent in this place.
 D = Time resting spent in this place.
 E = Time spent auto-exploring this place.
 F = Levels seen in this place.
 G = Mean time per level.
                   A        B        C        D        E       F      G
               +--------+--------+--------+--------+--------+-----+--------+
         Total |   1197 |   1188 |      9 |      0 |   1045 |   2 |  598.5 |
       Dungeon |   1197 |   1188 |      9 |      0 |   1045 |   2 |  598.5 |
               +--------+--------+--------+--------+--------+-----+--------+

Top non-repeatable levels by time:
     D:1: 1167 daAuts
     D:2: 29 daAuts
